 Dungeon Crawl Stone Soup version 0.13.0-9-gbc74161 (webtiles) character file.

2922 Malachi the Basher (level 9, -2/85 HPs)
             Began as an Ogre Hunter on Oct 17, 2013.
             Was a Believer of Cheibriados.
             Slain by a wraith (12 damage)
             ... on Level 8 of the Dungeon.
             The game lasted 00:18:31 (8998 turns).

Malachi the Basher (Ogre Hunter)                    Turns: 8998, Time: 00:18:32

HP  -2/85        AC  4     Str 23      XL: 9   Next: 56%
MP  12/12        EV 13     Int 17      God: Cheibriados [**....]
Gold 363         SH  0     Dex 14      Spells:  0 memorised,  8 levels left

Res.Fire  : . . .   See Invis. : .   q - +0,+3 flail (drain)
Res.Cold  : . . .   Warding    : .   d - +0 animal skin
Life Prot.: . . .   Conserve   : .   (shield restricted)
Res.Poison: .       Res.Corr.  : .   (helmet restricted)
Res.Elec. : .       Clarity    : .   B - +0 cloak
Sust.Abil.: + .     Spirit.Shd : .   (gloves unavailable)
Res.Mut.  : .       Stasis     : .   (boots unavailable)
Res.Rott. : .       Flight     : .   (no amulet)
Saprovore : + . .                    (no ring)
                                     g - ring of sustain abilities

@: about to teleport, mildly poisoned, slowed, very slow, somewhat resistant to
hostile enchantments, unstealthy
A: unfitting armour, fast metabolism 1, saprovore 1, tough skin 1
a: Bend Time, Renounce Religion


You were on level 8 of the Dungeon.
You worshipped Cheibriados.
Cheibriados was pleased with you.
You were near starving.

You visited 2 branches of the dungeon, and saw 9 of its levels.
You also visited: Sewer.

You collected 403 gold pieces.
You spent 60 gold pieces at shops.

Inventory:

Hand weapons
 a - a +1,+1 club {=f}
 q - a +0,+3 flail of draining (weapon)
Missiles
 c - a throwing net
 p - 3 large rocks (quivered)
Armour
 d - a +0 animal skin (worn)
 B - a +0 cloak (worn)
Magical devices
 h - a wand of confusion (12) {unknown}
 j - a wand of random effects (9) {unknown}
 w - a wand of flame (9) {unknown}
Comestibles
 f - 6 meat rations
 k - 10 bread rations
 A - 10 cheeses
 E - 2 beef jerkies
Scrolls
 e - 4 scrolls of identify
 o - 3 scrolls of remove curse {unknown}
 t - 2 scrolls of fog
 u - 3 scrolls of recharging {unknown}
 x - a scroll of teleportation
 y - a scroll of enchant weapon I {unknown}
 C - 2 scrolls of amnesia {unknown}
 H - a scroll of blinking {unknown}
Jewellery
 g - a ring of sustain abilities (left hand)
 l - an uncursed ring of flight
Potions
 b - a potion of might
 i - 6 potions of flight
 r - 5 potions of curing
 G - a potion of restore abilities
Books
 F - a book of Frost

   Spells                             Type                      Level
   Freeze                             Ice                          1
   Throw Frost                        Conjuration/Ice              2
   Ozocubu's Armour                   Charms/Ice                   3
   Throw Icicle                       Conjuration/Ice              4
   Summon Ice Beast                   Ice/Summoning                4
   Condensation Shield                Ice                          4


   Skills:
 - Level 5.6 Fighting
 - Level 10.2 Maces & Flails
 - Level 6.0 Throwing
 + Level 7.2 Dodging
 - Level 0.8 Stealth
 * Level 3.2 Invocations


You had 8 spell levels left.
You didn't know any spells.

Dungeon Overview and Level Annotations

Branches:
Dungeon (8/27)             Temple (1/1) D:7
    Orc: D:6-11        Lair: D:8-13

Altars:
Ashenzari
Cheibriados
Elyvilon
Fedhas
Kikubaaqudgha
Makhleb
Nemelex Xobeh
Okawaru
Sif Muna
Trog
Vehumet
Xom
Yredelemnul
Zin
the Shining One

Shops:
D:5 *[=!

Annotations:
D:7 exclusion: statue


Innate Abilities, Weirdness & Mutations

You are too large for most types of armour.
You have a fast metabolism.
You can tolerate rotten meat.
You have tough skin (AC +1).


Message History

Throwing (i - inventory. (,) - cycle):
p - 4 large rocks (quivered)
Press: ? - help, Shift-Dir - straight line, f - wraith
Aim: a wraith You throw a large rock.
The large rock hits the wraith.
The wraith hits you.
* * * LOW HITPOINT WARNING * * *
The wraith hits you!
* * * LOW HITPOINT WARNING * * *
The wraith drains your vigor!
You feel as though you will be slow longer.
* * * LOW HITPOINT WARNING * * *
Drink which item? (? for menu, Esc to quit)
Okay, then.
Drink which item? (? for menu, Esc to quit)
Okay, then.
Read which item? (? for menu, Esc to quit)
As you read the scroll of teleportation, it crumbles to dust.
You feel strangely unstable.
* * * LOW HITPOINT WARNING * * *
You feel sick. The wraith hits you!
You die...

#.........#
##..#######
##.########
#.........#
#.........#
#.<.......#
###.........####
#..............##
#@#8#.......##..##
#W#######.#####..#
#W# #.# ##..


'MM #.### ### #.# #...# '.' #######.### #.# #.........### +.+ #...........## #.#
#.........#.## You could see 2 wraiths and 2 mummies.

Vanquished Creatures
  2 hungry ghosts
  Edmund (D:5)
  A manticore (D:8)
  An orc warrior (D:7)
  A phantom (D:6)
  A human (D:7)
  A centaur (D:5)
  Sigmund (D:5)
  4 giant frogs
  5 killer bees (D:8)
  A yak skeleton (D:7)
  A crimson imp (D:6)
  A centaur skeleton (D:8)
  A water moccasin (D:7)
  A siren (Sewer)
  2 orc priests
  3 iguanas
  10 orc wizards
  4 sheep (D:7)
  A hound (D:6)
  A mermaid (Sewer)
  7 gnolls
  3 green rats (Sewer)
  4 worker ants
  14 adders
  An inept feature mimic (D:7)
  A worm (D:7)
  2 scorpion zombies
  3 grey rats (Sewer)
  A giant eyeball (D:4)
  11 giant geckos
  2 oozes
  26 orcs
  4 ball pythons
  16 bats
  3 giant mites
  9 goblins
  7 hobgoblins
  2 quokkas
  4 giant cockroaches
  A giant gecko zombie (D:8)
  9 giant newts
  A giant spore (D:7)
  A goblin skeleton (D:5)
  9 kobolds
  An orc skeleton (D:7)
  29 rats
  A ballistomycete (D:7)
216 creatures vanquished.

Notes
Turn   | Place    | Note
--------------------------------------------------------------
     0 | D:1      | Malachi, the Ogre Hunter, began the quest for the Orb.
     0 | D:1      | Reached XP level 1. HP: 20/20 MP: 0/0
   460 | D:1      | Reached XP level 2. HP: 22/28 MP: 1/1
   648 | D:1      | HP: 1/28 [gnoll/flail (8)]
   650 | D:1      | Reached skill level 5 in Throwing
  1207 | D:2      | Reached XP level 3. HP: 36/36 MP: 2/2
  1534 | D:2      | Reached XP level 4. HP: 44/44 MP: 3/3
  2233 | D:3      | Reached XP level 5. HP: 52/52 MP: 4/4
  2587 | D:3      | Reached skill level 6 in Throwing
  3117 | D:4      | Paralysed by a giant eyeball for 2 turns
  3144 | D:4      | Paralysed by a giant eyeball for 2 turns
  3354 | D:4      | Reached XP level 6. HP: 45/59 MP: 5/5
  3432 | D:4      | Found a burning altar of Makhleb.
  3432 | D:4      | Found a bloodstained altar of Trog.
  3446 | D:4      | Found a glowing drain.
  3460 | Sewer    | Entered a sewer
  3634 | Sewer    | Reached skill level 5 in Maces & Flails
  4942 | D:5      | Entered Level 5 of the Dungeon
  4942 | D:5      | Found Shrytyut's General Store.
  5020 | D:5      | Found a shattered altar of Ashenzari.
  5031 | D:5      | Reached XP level 7. HP: 23/67 MP: 6/6
  5258 | D:5      | Found Xiarhar's Jewellery Shop.
  5353 | D:5      | Found Ericih's Distillery.
  5376 | D:5      | Bought a potion of heal wounds for 36 gold pieces
  5376 | D:5      | Bought a potion of curing for 24 gold pieces
  5509 | D:5      | Noticed Edmund
  5517 | D:5      | Killed Edmund
  5831 | D:5      | Noticed Sigmund
  5838 | D:5      | Killed Sigmund
  5838 | D:5      | Reached skill level 7 in Maces & Flails
  5885 | D:5      | Found Emaitzoc's Armour Boutique.
  6250 | D:5      | Reached skill level 5 in Fighting
  6250 | D:5      | Reached XP level 8. HP: 61/78 MP: 7/7
  6589 | D:6      | Reached skill level 8 in Maces & Flails
  6899 | D:6      | Reached skill level 5 in Dodging
  6915 | D:7      | Reached skill level 9 in Maces & Flails
  7137 | D:7      | Found a staircase to the Ecumenical Temple.
  7158 | Temple   | Entered the Ecumenical Temple
  7233 | Temple   | Became a worshipper of Cheibriados the Contemplative
  7291 | D:7      | Found a bloodstained altar of Trog.
  7382 | D:7      | Reached skill level 10 in Maces & Flails
  7386 | D:7      | Reached XP level 9. HP: 68/85 MP: 8/8
  7714 | D:7      | Noticed a wizard statue
  7819 | D:7      | Acquired Cheibriados' first power
  8268 | D:7      | Reached skill level 1 in Invocations
  8998 | D:8      | Slain by a wraith

Action                   |  1- 3 |  4- 6 |  7- 9 || total
-------------------------+-------+-------+-------++-------
Melee: Club              |    71 |       |       ||    71
       Flail             |     8 |   252 |   322 ||   582
Throw: Large rock        |     6 |     5 |    16 ||    27
       Throwing net      |     1 |       |     1 ||     2
  Use: Scroll            |       |     9 |     4 ||    13
       Potion            |       |     5 |     4 ||     9
 Stab: Sleeping          |       |     3 |     3 ||     6
       Invisible         |       |       |     1 ||     1
